 Dungeon Crawl Stone Soup version 0.20.1-1-g8b1a95d (webtiles) character file.

7840 vineage the Basher (level 11, -6/99 HPs)
             Began as a Gargoyle Fighter on Oct 11, 2017.
             Was the Champion of Okawaru.
             Mangled by a komodo dragon (14 damage)
             ... on level 2 of the Lair of Beasts.
             The game lasted 00:14:09 (8458 turns).

vineage the Basher (Gargoyle Fighter)               Turns: 8458, Time: 00:14:09

Health: -6/99      AC: 25    Str: 21    XL:     11   Next: 21%
Magic:  9/11       EV:  2    Int: 10    God:    Okawaru [******]
Gold:   508        SH: 15    Dex: 10    Spells: 10/10 levels left

rFire    . . .     SeeInvis .   a - +2 flail (vamp)
rCold    + . .     Gourm    .   c - +2 shield
rNeg     + + +     Faith    .   (armour currently unavailable)
rPois    ∞         Spirit   .   (helmet currently unavailable)
rElec    .         Reflect  .   (cloak currently unavailable)
rCorr    +         Harm     .   (gloves currently unavailable)
MR       .....     NoTele   +   (boots currently unavailable)
Stlth    +++.......             (no amulet)
Regen    0.3/turn               o - ring of resist corrosion
MPRegen  0.2/turn               w - ring of protection from cold

@: tree-form, heroism, hasted, very quick
A: negative energy resistance 1, petrification resistance, rot immunity, AC +7
a: Heroism, Finesse, Renounce Religion


You were on level 2 of the Lair of Beasts.
You worshipped Okawaru.
Okawaru was exalted by your worship.
You were hungry.
You were a tree.
You visited 2 branches of the dungeon, and saw 10 of its levels.

You collected 508 gold pieces.

Inventory:

Hand Weapons
 a - a +2 vampiric flail (weapon)
 y - a +0 whip of freezing
 G - a -1 whip
Armour
 b - a +0 scale mail
 c - a +2 shield (worn)
 d - a +2 helmet (melded)
 k - the +3 robe of the Lumpy Songs {Dex+2}
   (You found it on level 4 of the Dungeon)

   It affects your dexterity (+2).
 m - a +3 chain mail
 r - a +2 cloak (melded)
 u - a +0 plate armour (melded)
 A - a +0 pair of gloves (melded)
Jewellery
 o - a ring of resist corrosion (left branch)
 w - a ring of protection from cold (right branch)
 D - an uncursed ring of positive energy {unknown}
 F - a cursed -3 ring of intelligence {unknown}
 P - an uncursed ring of fire {unknown}
Wands
 q - a wand of flame (24/48)
 x - a wand of digging (3/24)
 z - a wand of lightning (5/15)
 H - a wand of disintegration (8/24)
 N - a wand of flame (11/48)
Scrolls
 e - 4 scrolls of remove curse
 h - a scroll of random uselessness {unknown}
 i - 2 scrolls of immolation {unknown}
 l - 3 scrolls of amnesia
 p - 2 scrolls of recharging
 s - 2 scrolls of fear
 E - 3 scrolls of teleportation {unknown}
 L - 2 scrolls of identify
Potions
 n - a potion of agility
 t - a potion of flight
 B - 2 potions of lignification
 C - 2 potions of degeneration
 I - 2 potions of invisibility
 J - 2 potions of resistance
 K - 2 potions of cancellation
 Q - a potion of haste
Books
 v - a book of Maledictions

   Spells                             Type                      Level
   a - Corona                         Hexes                        1
   b - Ensorcelled Hibernation        Hexes/Ice                    2
   c - Confuse                        Hexes                        3
   d - Tukima's Dance                 Hexes                        3
   e - Dazzling Spray                 Conjuration/Hexes            3
Comestibles
 f - 5 bread rations
 g - 2 meat rations
 j - 5 royal jellies
 M - 13 fruits


   Skills:
 + Level 6.6(11.6) Fighting
 + Level 12.8(17.8) Maces & Flails
 + Level 7.3(12.3) Armour
 + Level 1.4(6.4) Dodging
 + Level 8.5(13.5) Shields
 + Level 0.7 Invocations


You had 10 spell levels left.
You didn't know any spells.

Dungeon Overview and Level Annotations

Branches:
Dungeon (8/15)               Lair (2/6) D:8
 Temple: D:4-7        Swamp: Lair:2-4    Shoals: Lair:2-4     Snake: Lair:2-4
 Spider: Lair:2-4

Altars:
Cheibriados
Hepliaklqana
Kikubaaqudgha
Makhleb
Okawaru
Ru
The Shining One


Innate Abilities, Weirdness & Mutations

You are resistant to torment.
((Your stone body is resilient. (AC +7)))
You are immune to poison.
You resist negative energy. (rN+)
((You are resistant to electric shocks. (rElec)))
((You can survive without breathing.))
You are immune to petrification.
You are immune to rotting.


Message History

You hit the basilisk but do no damage.
The basilisk is severely wounded.
The basilisk gazes at you.
You are unaffected.
You barely miss the basilisk.
The basilisk is severely wounded.
The komodo dragon bites you but does no damage.
You barely miss the basilisk.
The basilisk is severely wounded.
You hit the basilisk.
The basilisk is almost dead.
The basilisk gazes at you.
You are unaffected.
You block the komodo dragon's attack.
You closely miss the basilisk.
The basilisk is almost dead.
You hit the basilisk.
You feel better.
The basilisk is almost dead.
The basilisk bites you but does no damage.
The komodo dragon bites you!
You die...

....#.....................
....#.....................
.8. .....................
. .....................
..####.........###...#..
.....#....#..P.# #######
#.....#..##...##
#....l...#.### #...l♣<.#.#
#.##.......# #...##...#
#...........#
#.........### #...........
...........## .........###
....##


You could see a komodo dragon and a basilisk.

Vanquished Creatures
  Gastronok (D:8)
  A hydra (Lair:1)
  Pikel (D:8)
  A black mamba (Lair:2)
  A spiny frog (Lair:1)
  2 rime drakes
  A hippogriff (Lair:1)
  Eustachio (D:5)
  A hungry ghost (D:8)
  Menkaure (D:7)
  3 water moccasins
  3 orc warriors (D:8)
  7 ogres
  4 wolves (Lair:1)
  3 centaurs
  A crocodile (Lair:1)
  5 bullfrogs
  2 scorpions
  A water moccasin zombie (D:8)
  An electric eel (D:6)
  3 crimson imps
  3 jellies (D:7)
  3 hounds (D:6)
  4 orc priests
  Crazy Yiuf (D:2)
  3 centaur skeletons
  2 iguanas (D:6)
  6 worker ants
  8 orc wizards
  A killer bee zombie (D:5)
  3 worker ant zombies
  4 gnolls
  7 adders
  2 shadow imps
  An ooze (D:4)
  An adder skeleton (D:4)
  2 worms (D:2)
  6 leopard geckos
  35 orcs
  6 giant cockroaches
  9 hobgoblins
  11 jackals
  14 kobolds
  2 quokkas (D:7)
  2 ball pythons (D:6)
  A ball python skeleton (D:6)
  4 bats
  5 frilled lizards
  13 goblins
  A leopard gecko skeleton (D:8)
  2 quokka skeletons (D:5)
  5 rats
211 creatures vanquished.

Vanquished Creatures (others)
  A slave (D:8)
  An orc (D:8)
  A quokka (D:8)
  A fungus (Lair:1)
  2 plants (Lair:1)
6 creatures vanquished.

Grand Total: 217 creatures vanquished

Notes
Turn   | Place    | Note
-------+----------+-------------------------------------------
     0 | D:1      | vineage the Gargoyle Fighter began the quest for the Orb.
     0 | D:1      | Reached XP level 1. HP: 14/14 MP: 1/1
   144 | D:1      | Reached XP level 2. HP: 13/19 MP: 2/2
   932 | D:1      | Reached XP level 3. HP: 21/23 MP: 3/3
  1204 | D:2      | Found an ancient bone altar of Kikubaaqudgha.
  1206 | D:2      | Found a glowing golden altar of the Shining One.
  1278 | D:2      | Reached skill level 3 in Maces & Flails
  1297 | D:2      | Found a snail-covered altar of Cheibriados.
  1376 | D:2      | Found a runed door.
  1487 | D:2      | Noticed Crazy Yiuf
  1494 | D:2      | Killed Crazy Yiuf
  1494 | D:2      | Reached XP level 4. HP: 28/28 MP: 4/4
  1685 | D:3      | Reached skill level 4 in Maces & Flails
  1860 | D:3      | Reached XP level 5. HP: 28/32 MP: 5/5
  2103 | D:3      | Reached skill level 5 in Maces & Flails
  2289 | D:3      | Found an iron altar of Okawaru.
  2324 | D:3      | Became a worshipper of Warmaster Okawaru
  2369 | D:3      | Reached XP level 6. HP: 37/37 MP: 6/6
  2465 | D:4      | Got a shadowed robe
  2480 | D:4      | Identified the +3 robe of the Lumpy Songs {Dex+2} (You found it on level 4 of the Dungeon)
  2564 | D:4      | Reached skill level 6 in Maces & Flails
  3146 | D:5      | Entered Level 5 of the Dungeon
  3223 | D:5      | Found a hazy altar of Hepliaklqana.
  3321 | D:5      | Reached * piety under Okawaru
  3321 | D:5      | Reached skill level 7 in Maces & Flails
  3321 | D:5      | Reached XP level 7. HP: 15/41 MP: 7/7
  3795 | D:5      | Noticed Eustachio
  3829 | D:5      | Reached skill level 8 in Maces & Flails
  3841 | D:5      | Killed Eustachio
  3841 | D:5      | Reached XP level 8. HP: 24/46 MP: 6/8
  4256 | D:6      | Reached ** piety under Okawaru
  4271 | D:6      | Reached skill level 9 in Maces & Flails
  4559 | D:6      | Reached skill level 10 in Maces & Flails
  5333 | D:7      | Found a sacrificial altar of Ru.
  5333 | D:7      | Found a burning altar of Makhleb.
  5339 | D:7      | Reached XP level 9. HP: 51/52 MP: 9/9
  5437 | D:7      | Reached skill level 11 in Maces & Flails
  5941 | D:7      | Noticed Menkaure
  5958 | D:7      | Killed Menkaure
  5958 | D:7      | Reached *** piety under Okawaru
  6704 | D:8      | Found a staircase to the Lair.
  6716 | D:8      | Reached skill level 5 in Armour
  6987 | D:8      | Noticed Pikel
  7010 | D:8      | Killed Pikel
  7010 | D:8      | Reached **** piety under Okawaru
  7010 | D:8      | Reached skill level 5 in Shields
  7010 | D:8      | Reached XP level 10. HP: 55/58 MP: 10/10
  7109 | D:8      | Reached skill level 5 in Fighting
  7118 | D:8      | Reached skill level 12 in Maces & Flails
  7218 | D:8      | Noticed Gastronok
  7242 | D:8      | Killed Gastronok
  7242 | D:8      | Reached ***** piety under Okawaru
  7242 | D:8      | Reached skill level 1 in Dodging
  7445 | Lair:1   | Entered Level 1 of the Lair of Beasts
  7456 | Lair:1   | Noticed a spiny frog
  7500 | Lair:1   | Killed a spiny frog
  7920 | Lair:1   | Noticed a four-headed hydra
  7937 | Lair:1   | Killed a four-headed hydra
  7937 | Lair:1   | Reached XP level 11. HP: 64/66 MP: 11/11
  8199 | Lair:2   | Reached ****** piety under Okawaru
  8450 | Lair:2   | HP: 4/99 [komodo dragon (2)]
  8458 | Lair:2   | Mangled by a komodo dragon

Skill      XL: |  1  2  3  4  5  6  7  8  9 10 |
---------------+-------------------------------+-----
Maces & Flails | 3 4 5 7 8 10 11 12 | 12.8
Armour         | 5 7 |  7.3
Fighting       | 4 6 |  6.6
Shields        | 5 8 |  8.5
Dodging        | 1 |  1.4
Invocations    | |  0.7

Action                   |  1- 3 |  4- 6 |  7- 9 | 10-12 || total
-------------------------+-------+-------+-------+-------++-------
Melee: Flail             |   150 |   297 |   443 |   243 ||  1133
Invok: Heroism           |       |       |     1 |     2 ||     3
  Use: Scroll            |       |     8 |    14 |       ||    22
       Potion            |       |     5 |     6 |     3 ||    14
  Eat: Chunk             |     2 |     6 |    12 |     2 ||    22
       Fruit             |       |       |     1 |       ||     1
       Meat ration       |       |       |       |     2 ||     2
Armor: Scale mail        |    68 |       |       |       ||    68
       Chain mail        |    16 |   227 |       |       ||   243
       Plate armour      |       |    39 |   258 |   159 ||   456
       Skin              |       |       |       |     4 ||     4
Dodge: Dodged            |    44 |    76 |    63 |    39 ||   222
Block: Shield            |    80 |   185 |   243 |   168 ||   676
